 Dungeon Crawl Stone Soup version 0.19.1 (webtiles) character file.

111 kae the Insei (level 4, -2/37 HPs)
             Began as a Demonspawn Monk on Dec 22, 2016.
             Killed by divine providence
             ... invoked by an orc priest
              (15 damage)
             ... on level 4 of the Dungeon.
             The game lasted 00:02:24 (3067 turns).

kae the Insei (Demonspawn Monk)                     Turns: 3067, Time: 00:02:25

Health: -2/37      AC: 13    Str: 12    XL:     4   Next: 62%
Magic:  4/4        EV:  9    Int: 11    God:
Gold:   123        SH:  0    Dex: 16    Spells: 0 memorised, 3 levels left

rFire  + + .     SeeInvis .       - Unarmed
rCold  x . .     Gourm    .     c - +1 fire dragon scales
rNeg   . . .     Faith    .     (no shield)
rPois  .         Spirit   .     (no helmet)
rElec  .         Reflect  .     (no cloak)
rCorr  .         Harm     +     (no gloves)
MR     .....                    x - +0 pair of boots
Stlth  ..........               y - amulet of harm
                                (no ring)
                                (no ring)

@: no status effects
A: slimy green scales 2, powered by death 1
a: no special abilities


You were on level 4 of the Dungeon.
You were not hungry.

You visited 1 branch of the dungeon, and saw 4 of its levels.

You collected 123 gold pieces.

Inventory:

Armour
 a - a +0 robe
 c - +1 fire dragon scales (worn)
 x - a +0 pair of boots (worn)
Jewellery
 y - an amulet of harm (around neck)
Scrolls
 d - a scroll of amnesia
 f - a scroll of teleportation
 g - a scroll of enchant weapon
Potions
 e - 2 potions of mutation
 i - 2 potions of curing
 k - a potion of magic {unknown}
 l - 2 potions of might {unknown}
 m - a potion of invisibility {unknown}
 n - 2 potions of ambrosia {unknown}
 q - a potion of brilliance {unknown}
 r - a potion of cure mutation {unknown}
 v - a potion of flight {unknown}
Comestibles
 b - 3 bread rations
 h - 3 chunks of flesh
 j - 2 fruits
 p - a beef jerky
 t - 2 meat rations
 u - a royal jelly


   Skills:
 + Level 3.7 Fighting
 - Level 2.6 Dodging
 - Level 1.7 Stealth
 * Level 4.5 Unarmed Combat


You had 3 spell levels left.
You didn't know any spells.

Dungeon Overview and Level Annotations

Branches:
Dungeon (4/15)
 Temple: D:4-7

Altars:
Qazlal
Uskayaw


Innate Abilities, Weirdness & Mutations

You are mostly covered in slimy green scales. (AC +3)
You regenerate a little health from kills.


Message History

You are too injured to fight recklessly!
You closely miss the orc priest. The orc hits you but does no damage.
The orc completely misses you.
The orc priest hits you but does no damage.
You hit the orc priest.
The orc priest is lightly wounded.
The orc hits you but does no damage. The orc hits you with a club.
You hit the orc priest.
The orc priest is heavily wounded.
The orc priest hits you but does no damage.
You hit the orc priest.
The orc priest is severely wounded.
The orc hits you but does no damage. The orc hits you with a club.
The orc priest completely misses you.
You hit the orc priest but do no damage.
The orc priest is severely wounded.
The orc hits you but does no damage. x2
The orc priest invokes the aid of Beogh against you.
Beogh smites you!
You die...

##########......#
#...............# .
#...............# ..
###...............# ...
..................# ....
..................#.....
.....#####......o.......
.....# #......@o......
.....### #......)o......
.......# #...........###
##(....# #......######
#...(.# #......#
##.....###......#
.......รท........#
##.....##.......#
#.....##.......#


You could see an orc priest and 2 orcs.

Vanquished Creatures
  4 adders
  An ooze (D:1)
  A worm (D:2)
  A dart slug (D:2)
  2 leopard geckos
  2 orcs (D:4)
  10 bats
  4 giant cockroaches
  6 goblins
  8 hobgoblins
  3 jackals (D:1)
  3 kobolds (D:2)
  3 quokkas
  3 frilled lizards
  A jackal skeleton (D:4)
  3 rats
55 creatures vanquished.

Notes
Turn   | Place    | Note
-------+----------+-------------------------------------------
     0 | D:1      | kae the Demonspawn Monk began the quest for the Orb.
     0 | D:1      | Reached XP level 1. HP: 18/18 MP: 1/1
   247 | D:1      | Reached skill level 3 in Unarmed Combat
   280 | D:1      | Gained mutation: You are partially covered in slimy green scales. (AC +2) [demonic ancestry]
   280 | D:1      | Reached XP level 2. HP: 24/24 MP: 2/2
   610 | D:1      | Gained mutation: You are mostly covered in slimy green scales. (AC +3) [demonic ancestry]
   610 | D:1      | Reached XP level 3. HP: 21/29 MP: 3/3
  1126 | D:2      | Found a stormy altar of Qazlal.
  1287 | D:2      | Reached skill level 4 in Unarmed Combat
  1924 | D:3      | Found a hide-covered altar of Uskayaw.
  2004 | D:3      | Gained mutation: You regenerate a little health from kills. [demonic ancestry]
  2004 | D:3      | Reached XP level 4. HP: 31/35 MP: 4/4
  3067 | D:4      | Killed from afar by an orc priest

Skill      XL: |  1  2  3 |
---------------+----------+-----
Unarmed Combat | 3 4 |  4.5
Fighting       | |  3.7
Dodging        | |  2.6
Stealth        | |  1.7

Action                   |  1- 3 |  4- 6 || total
-------------------------+-------+-------++-------
Melee: Unarmed           |   210 |    54 ||   264
       Punch             |     4 |       ||     4
  Use: Scroll            |       |     8 ||     8
  Eat: Chunk             |     3 |     4 ||     7
Armor: Fire dragon scale |   127 |    29 ||   156
       Robe              |     2 |       ||     2
Dodge: Dodged            |   123 |    22 ||   145
